 Dungeon Crawl Stone Soup version 0.22-a0-512-g0943f25562 (webtiles) character file.

400 Niddhogr the Sneak (level 7, -5/52 HPs)
             Began as a Formicid Fighter on June 18, 2018.
             Killed by nerve-wracking pain
             ... invoked by an orc priest
              (13 damage)
             ... on level 4 of the Dungeon.
             The game lasted 00:05:31 (3607 turns).

Niddhogr the Sneak (Formicid Fighter)               Turns: 3607, Time: 00:05:32

Health: -5/52      AC:  6    Str: 20    XL:     7   Next: 10%
Magic:  7/7        EV:  7    Int:  8    God:
Gold:   136        SH:  9    Dex: 12    Spells: 6/6 levels left

rFire    x . .     SeeInvis +   a - +0 trident
rCold    + . .     Gourm    .   c - +0 shield
rNeg     . . .     Faith    .   b - +0 scale mail
rPois    .         Spirit   .   (helmet unavailable)
rElec    .         Reflect  .   (no cloak)
rCorr    .         Harm     .   (no gloves)
MR       .....                  (no boots)
Stlth    ++........             (no amulet)
HPRegen  0.17/turn              k - ring of ice
MPRegen  0.10/turn              (no ring)

@: no status effects
A: permanent stasis, dig shafts and tunnels, four strong arms, antennae 3
a: Dig, Shaft Self


You were on level 4 of the Dungeon.
You were not hungry.

You visited 1 branch of the dungeon, and saw 4 of its levels.

You collected 136 gold pieces.

Inventory:

Hand Weapons
 a - a +0 trident (weapon)
Armour
 b - a +0 scale mail (worn)
 c - a +0 shield (worn)
Jewellery
 k - a ring of ice (left hand)
Scrolls
 g - a scroll of enchant armour {unknown}
 h - a scroll of blinking {unknown}
 j - a scroll of immolation {unknown}
 l - a scroll of fear {unknown}
 m - 3 scrolls of identify {unknown}
 n - a scroll of teleportation {unknown}
 r - a scroll of magic mapping {unknown}
Potions
 d - a potion of might
 e - 2 potions of curing
 i - a potion of haste {unknown}
 o - a potion of agility {unknown}
 q - a potion of berserk rage {unknown}
Comestibles
 f - 5 rations
 p - 7 chunks of flesh


   Skills:
 - Level 3.2 Fighting
 + Level 5.1 Polearms
 - Level 3.2 Armour
 + Level 6.1 Stealth
 - Level 3.6 Shields


You had 6 spell levels left.
You didn't know any spells.
Your spell library was empty.

Dungeon Overview and Level Annotations

Branches:
Dungeon (4/15)
 Temple: D:4-7

Altars:
Fedhas
Sif Muna


Innate Abilities, Weirdness & Mutations

You cannot be hasted, slowed, berserked, paralysed or teleported.
You can dig through walls and to a lower floor.
Your four strong arms can wield two-handed weapons with a shield.
You have a pair of large antennae on your head. (SInv)


Message History

The orc priest hits you with a whip.
The orc hits you with a flail of holy wrath.
* * * LOW HITPOINT WARNING * * *
You closely miss the orc priest.
The orc priest is severely wounded.
The orc priest hits you with a club.
* * * LOW HITPOINT WARNING * * *
The orc hits you with a vampiric hand axe.
* * * LOW HITPOINT WARNING * * *
The orc priest hits you with a whip.
* * * LOW HITPOINT WARNING * * *
You block the orc's attack.
It was a potion of curing.
You feel better.
The orc priest looks encouraged for a moment.
The orc hits you but does no damage. The orc priest barely misses you.
You hit the orc priest but do no damage.
The orc priest is severely wounded.
The orc priest calls down the wrath of Beogh upon you.
Pain shoots through your body!
You die...

#....# .. ..#
#######....##+##.#
..#
#.................
..#
+.................
..#
#.................
..#
#.................
..#
#........ooo.?....
..#
#.........@oo.....
..#
#....####+##......
..# #....# .....
..+ #....# .... ..#
#....# ...
..#####....#######.
..
##..........†......
.
#.................
#.................


You could see 2 orc priests and 3 orcs.

Vanquished Creatures
  3 hounds (D:4)
  Jessica (D:2)
  An iguana (D:4)
  A hound skeleton (D:4)
  9 gnolls
  5 adders
  An ooze (D:3)
  2 worms (D:3)
  6 dart slugs
  2 leopard geckos
  8 orcs
  6 bats
  5 giant cockroaches
  11 goblins
  5 hobgoblins
  2 jackals (D:3)
  2 quokkas
  3 ball pythons
  4 frilled lizards
  10 kobolds
  6 rats (D:1)
93 creatures vanquished.

Notes
Turn   | Place    | Note
-------+----------+-------------------------------------------
     0 | D:1      | Niddhogr the Formicid Fighter began the quest for the Orb.
     0 | D:1      | Reached XP level 1. HP: 18/18 MP: 1/1
    29 | D:1      | Reached skill level 1 in Stealth
    71 | D:1      | Reached XP level 2. HP: 24/24 MP: 2/2
   130 | D:1      | Reached skill level 2 in Stealth
   156 | D:1      | Reached XP level 3. HP: 29/29 MP: 3/3
   568 | D:2      | Reached XP level 4. HP: 35/35 MP: 4/4
   580 | D:2      | Reached skill level 3 in Stealth
  1387 | D:2      | Reached XP level 5. HP: 33/41 MP: 5/5
  1510 | D:2      | Noticed Jessica
  1520 | D:2      | Killed Jessica
  1520 | D:2      | Reached skill level 4 in Stealth
  1521 | D:2      | Found a blossoming altar of Fedhas.
  2588 | D:3      | Reached XP level 6. HP: 32/47 MP: 6/6
  2663 | D:3      | Found a deep blue altar of Sif Muna.
  3021 | D:3      | Reached skill level 5 in Stealth
  3384 | D:4      | Reached skill level 5 in Polearms
  3568 | D:4      | Reached XP level 7. HP: 49/52 MP: 7/7
  3571 | D:4      | Reached skill level 6 in Stealth
  3607 | D:4      | Killed from afar by an orc priest

Vault maps used:
D:1:      sevenhm_arrival_forest_fort_small_4
D:2:      fedhas_altar_fruit_tree, uniq_jessica
D:3:      lemuel_doored_altar
D:4:      elyvilon_altar_5, serial_shops,
          nicolae_shop_temple_entry_statues_fountains

Skill      XL: |  1  2  3  4  5  6  7 |
---------------+----------------------+-----
Stealth        | 1 2 3 4 5 6 |  6.1
Polearms       | 3 4 5 |  5.1
Fighting       | |  3.2
Armour         | |  3.2
Shields        | |  3.6

Action                   |  1- 3 |  4- 6 |  7- 9 || total
-------------------------+-------+-------+-------++-------
Melee: Trident           |    86 |   283 |    19 ||   388
  Use: Potion            |       |       |     1 ||     1
 Stab: Sleeping          |       |     2 |       ||     2
  Eat: Chunk             |       |     9 |       ||     9
Armor: Scale mail        |    24 |   104 |     7 ||   135
Dodge: Dodged            |    19 |    78 |     7 ||   104
Block: Shield            |    33 |   118 |     7 ||   158

Table legend:
 A = Spawn XP
 B = Non-spawn XP
 C = Spawn XP percentage of total XP
 D = Spawn monster count
 E = Non-spawn monster count
 F = Spawn count percentage of total count
 G = Total turns spent on level
                    A         B        C        D         E        F      G
               +---------+---------+-------+---------+---------+-------+---------
         Total |       0 |     572 |   0.0 |       0 |      93 |   0.0 |  3607
               +---------+---------+-------+---------+---------+-------+---------
           D:1 |       0 |      72 |   0.0 |       0 |      31 |   0.0 |   835
           D:2 |       0 |     145 |   0.0 |       0 |      21 |   0.0 |  1270
           D:3 |       0 |     100 |   0.0 |       0 |      27 |   0.0 |  1004
           D:4 |       0 |     255 |   0.0 |       0 |      14 |   0.0 |   498
               +---------+---------+-------+---------+---------+-------+---------
